Map: Protocole central

Players

Worming - Winner!

  • Race: Zerg Zerg

maw

  • Race: Terran Terran

VOD

Have the link to the VOD?

Description

Time

  • Played on: Nov. 11, 2015, 7:55 a.m.
  • Length: 14:56
Show
View Real Time Build Order
Export as new Build Order

Worming Zerg - Winner!

Build Orders: Pool First, Lurkers 

Get SALT Encoding   

  12  0:01  Drone  
  13  0:08  Drone  
  14  0:17  Overlord  
  14  0:23  Extractor  
  14  0:24  Drone  
  15  0:36  Drone  
  15  0:37  Drone  
  17  0:48  Spawning Pool  
  17  0:49  Drone  
  17  0:53  Extractor  
  17  0:55  Drone  
  18  1:16  Hatchery  
  17  1:21  Overlord  
  17  1:29  Drone  
  17  1:30  Drone  
  19  1:37  Queen  
  21  1:41  Zergling x2  
  22  1:54  Drone  
  23  2:08  Extractor  
  23  2:12  Zergling x2  
  23  2:13  Overlord  
  23  2:17  Queen  
  23  2:21  Zergling x2  
  26  2:28  Overlord  
  26  2:34  Zergling x2  
  26  2:37  Queen  
  29  2:49  Drone x5  
  34  3:04  Drone x3  
  37  3:20  Drone x4  
  37  3:21  Drone x2  
  42  3:33  Drone  
  43  3:35  Metabolic Boost  
  43  3:40  Overlord  
  43  3:41  Overlord  
  43  3:48  Hatchery  
  42  3:51  Drone  
  43  3:55  Extractor  
  43  3:57  Drone, Extractor  
  43  3:58  Overlord  
  43  4:00  Drone x2  
  44  4:07  Queen  
  46  4:14  Drone  
  47  4:20  Drone  
  47  4:21  Drone  
  49  4:33  Overlord x2  
  49  4:34  Zergling x16  
  57  4:44  Lair  
  57  4:45  Pneumatized Carapace  
  57  4:55  Overlord  
  57  5:01  Drone x3  
  57  5:05  Drone x2, Extractor  
  57  5:06  Drone  
  62  5:07  Roach Warren  
  62  5:08  Drone, Evolution Chamber  
  62  5:09  Evolution Chamber  
  62  5:10  Drone  
  61  5:21  Overlord  
  61  5:27  Overlord  
  61  5:29  Drone  
  62  5:45  Zerg Ground Armor Level 1, Roach Warren  
  60  5:56  Overlord  
  60  6:06  Glial Reconstitution  
  60  6:10  Roach x4  
  60  6:11  Roach x7  
  82  6:17  Hydralisk Den  
  81  6:20  Zerg Missile Weapons Level 1  
  81  6:21  Drone  
  81  6:23  Drone x3  
  81  6:24  Drone x6  
  91  6:36  Overlord  
  91  6:38  Drone x2  
  93  6:45  Hatchery  
  93  6:47  Drone x2  
  94  6:55  Lurker Den  
  94  7:02  Drone x4  
  94  7:05  Extractor x2  
  91  7:18  Spore Crawler  
  91  7:19  Spore Crawler  
  91  7:21  Drone x2  
  91  7:22  Drone x3  
  94  7:29  Hydralisk x6  
  95  7:30  Hydralisk x2  
  95  7:33  Overlord  
  109  7:54  Spire  
  109  7:57  Drone x2  
  109  7:58  Drone x3  
  111  7:59  Drone  
  111  8:01  Hatchery  
  111  8:03  Hydralisk  
  115  8:09  Ravager  
  115  8:10  Ravager  
  117  8:18  Spore Crawler  
  116  8:20  Spore Crawler  
  98  9:16  Zerg Flyer Weapons Level 1  
  98  9:20  Zerg Missile Weapons Level 2, Zerg Ground Armor Level 2  
  98  9:22  Muscular Augments  
  98  9:27  Lurker x4, Extractor x2  
  98  9:28  Zergling x2  
  98  9:29  Zergling x38  
  120  9:45  Roach  
  120  9:46  Roach x2  
  120  9:50  Roach  
  120  9:51  Roach x7  
  120  10:20  Zergling x2  
  110  10:21  Zergling x6, Roach  
  110  10:22  Roach x5  
  118  10:34  Roach x5  
  89  11:05  Roach x5, Hydralisk x6  
  108  11:11  Drone  
  108  11:14  Drone x3  
  112  11:21  Drone x3  
  112  11:22  Drone x3, Hydralisk  
  112  11:23  Hydralisk x5  
  130  11:42  Lurker x6  
  130  11:43  Overseer x2  
  136  11:49  Spore Crawler, Roach x3  
  136  11:50  Overlord  
  136  11:51  Overlord x4  
  137  12:33  Roach, Hydralisk  
  137  12:34  Roach x5, Hydralisk x8  
  155  13:00  Roach x6  
  155  13:01  Roach x4  
  161  13:12  Hydralisk x3  
  161  13:13  Hydralisk x2  
  161  13:14  Queen  
  173  13:21  Infestation Pit  
  172  13:49  Hydralisk x3  
  172  13:50  Roach x2  
  172  13:51  Overlord x3  
  182  13:56  Overlord  
  182  13:57  Overlord  
  182  14:03  Hatchery  
  177  14:51  Lurker x7  
Show
View Real Time Build Order
Export as new Build Order

maw Terran 

Build Orders: MMM Bio 

Get SALT Encoding   

  12  0:01  SCV  
  13  0:13  SCV  
  14  0:22  Supply Depot  
  14  0:25  SCV  
  15  0:43  SCV  
  15  0:45  Barracks  
  16  0:56  SCV  
  17  1:08  SCV  
  18  1:18  Command Center  
  18  1:20  SCV  
  19  1:32  SCV  
  20  1:34  Marine  
  21  1:40  Supply Depot  
  21  1:44  Orbital Command  
  21  1:52  Marine  
  22  2:05  Barracks  
  21  2:11  SCV  
  22  2:17  Marine  
  23  2:30  Orbital Command  
  23  2:36  SCV  
  24  2:38  Refinery  
  24  2:41  Barracks  
  24  2:43  Marine  
  25  2:53  Marine  
  25  2:54  Barracks  
  25  2:56  Barracks  
  25  2:57  SCV  
  27  3:04  Marine  
  28  3:09  SCV  
  28  3:11  SCV  
  30  3:13  Marine  
  30  3:15  Bunker  
  31  3:21  SCV  
  31  3:22  Marine  
  31  3:25  SCV  
  34  3:31  Marine x2  
  34  3:33  SCV  
  37  3:37  Bunker  
  37  3:40  Marine  
  38  3:43  Bunker  
  38  3:45  SCV  
  38  3:46  Marine  
  40  3:49  Marine  
  40  3:52  Engineering Bay, SCV  
  42  3:55  Supply Depot  
  42  3:57  SCV  
  42  3:58  Refinery, Marine  
  42  3:59  Marine  
  45  4:04  SCV  
  45  4:06  Barracks Tech Lab  
  45  4:07  Barracks Reactor, Supply Depot  
  46  4:14  Supply Depot  
  46  4:17  SCV  
  46  4:18  Barracks Reactor  
  46  4:19  Marine  
  46  4:22  Missile Turret  
  48  4:24  SCV  
  48  4:29  SCV  
  50  4:35  Supply Depot  
  50  4:36  SCV  
  50  4:38  Factory  
  51  4:41  SCV  
  52  4:46  Refinery, Marine  
  54  4:52  SCV  
  54  4:53  SCV  
  54  4:55  Barracks Tech Lab  
  54  4:57  Supply Depot  
  54  4:59  Marine x2  
  57  5:01  Stimpack  
  57  5:05  SCV x2  
  57  5:06  Refinery  
  59  5:17  SCV, Marine x2  
  59  5:18  Marauder, Marine x2  
  66  5:22  Starport  
  66  5:25  Factory Reactor  
  66  5:28  Missile Turret  
  66  5:29  SCV  
  66  5:31  Supply Depot, SCV  
  66  5:35  Marine x2  
  70  5:36  Marauder  
  72  5:45  Marine x4  
  72  5:49  SCV  
  78  5:50  SCV  
  78  5:53  Marine x2  
  78  5:55  Barracks  
  78  5:56  Marine  
  81  6:03  Marauder  
  83  6:10  Supply Depot, SCV  
  84  6:13  Medivac x2  
  84  6:15  Combat Shields  
  84  6:16  SCV  
  89  6:19  Supply Depot  
  89  6:20  Factory Reactor  
  89  6:24  Terran Infantry Weapons Level 1  
  89  6:38  Marine  
  89  6:39  Marine x3, Marauder x2  
  96  6:40  Marine  
  98  6:49  Medivac x2  
  98  6:50  SCV  
  98  6:51  SCV  
  104  6:56  Marine  
  104  6:59  Marine x2  
  104  7:00  Marauder  
  109  7:02  SCV  
  109  7:16  Marauder  
  110  7:28  Marauder  
  108  7:34  Medivac  
  110  7:39  Supply Depot  
  110  7:40  Supply Depot  
  110  7:41  Supply Depot  
  110  7:45  Command Center  
  110  7:46  Concussive Shells  
  110  7:59  Supply Depot x2  
  110  8:00  Medivac, Marine  
  110  8:01  Marauder x2  
  117  8:18  Terran Infantry Armor Level 1  
  117  8:22  Marauder x2  
  112  8:30  Marine x2  
  112  8:31  Marine x3  
  112  8:33  Widow Mine x2  
  110  8:44  Marauder  
  108  8:51  Marauder, Marine x4  
  108  8:52  Marine x2  
  116  9:01  Widow Mine  
  108  9:04  Orbital Command, Marine  
  108  9:06  Widow Mine  
  108  9:09  Marine x3  
  114  9:10  Command Center  
  114  9:20  Marine x2  
  114  9:21  Marauder  
  114  9:23  Marauder  
  120  9:25  Marine  
  120  9:26  Marine  
  120  9:27  Marine  
  120  9:30  Widow Mine  
  125  9:42  Marauder  
  125  9:44  Marauder  
  114  10:01  Marine x3  
  114  10:03  Marauder  
  114  10:06  Marauder  
  119  10:19  Marine  
  119  10:20  Marine  
  94  10:25  Marine, Marauder  
  94  10:26  Widow Mine x2, Marine x2  
  94  10:27  Marauder  
  101  10:34  Marine  
  102  10:37  Marine x2  
  104  10:46  Marauder  
  104  10:48  Marauder  
  102  11:08  Marauder  
  102  11:09  Marine  
  102  11:10  Medivac, Marauder  
  102  11:11  Medivac  
  110  11:29  Marauder  
  110  11:31  Orbital Command, Supply Depot, Marauder  
  114  11:34  Armory  
  114  11:40  Medivac  
  116  11:50  Marauder  
  116  11:53  Marauder  
  119  11:55  Marine  
  119  11:56  Marine x2  
  122  12:12  Marauder  
  122  12:14  Marauder  
  126  12:17  Marine x3  
  126  12:20  Widow Mine x2  
  126  12:21  Medivac  
  127  12:33  Marauder  
  127  12:34  Medivac  
  127  12:35  Marauder  
  126  12:46  Marine  
  126  12:47  Marine  
  122  12:51  Medivac  
  122  12:54  Marauder  
  122  12:57  Marauder  
  77  13:07  Marine x2  
  77  13:10  Marine  
  76  13:16  Marauder  
  76  13:18  Marauder  
  75  13:21  Marine x2  
  75  13:22  Marine  
  70  13:31  Marine  
  70  13:32  Marine  
  66  13:37  Marauder  
  66  13:39  Marauder  
  70  13:59  Marauder  
  70  14:01  Marauder  
  70  14:02  Marine x2  
  71  14:20  Marauder  
  71  14:21  Marine x2  
  71  14:22  Marauder  
Tags
 
Add a new tag
Caveats
  • Supply blocks, unpowered buildings, or Contaminate may cause inaccurate times.
  • Supply counts are checked every 10 seconds.